 Dungeon Crawl Stone Soup version 0.31-a0-875-g02e7d12df6 (webtiles) character file.

Game seed: 14745744224405462131

88 IdlyInterested the Trooper (level 4, -2/35 HPs)
             Began as a Demonspawn Wanderer on Oct 12, 2023.
             Slain by Robin
             ... wielding a +0 whip
              (4 damage)
             ... on level 2 of the Dungeon.
             The game lasted 00:03:27 (1118 turns).

IdlyInterested the Trooper (Demonspawn Wanderer)    Turns: 1118, Time: 00:03:27

Health: -2/35      AC:  8    Str: 13    XL:     4   Next: 29%
Magic:  5/5        EV:  6    Int: 13    God:
Gold:   34         SH:  4    Dex: 14    Spells: 5/5 levels left

rFire   . .          .
                       - Unarmed
rCold   . . .        g - +0 buckler
rNeg    . . .        k - +0 chain mail
rPois   .            (no helmet)
rElec   .            (no cloak)
rCorr   .            (no gloves)
SInv    .            (no boots)
Will    .....        (no amulet) Stlth
                     (no ring)
HPRegen 0.25/turn    (no ring)
MPRegen 0.09/turn

%: no passive effects
@: no status effects
A: foul stench 1, spiny 1
a: no special abilities


You were on level 2 of the Dungeon.
You visited 1 branch of the dungeon, and saw 2 of its levels.

You collected 34 gold pieces.

Inventory:

Hand Weapons
 a - a +0 dagger
 j - a +0 short sword
 l - a +0 great sword
 m - a +2 dagger of electrocution
Missiles
 b - 9 poisoned darts (quivered)
 h - 8 stones
Armour
 f - a +0 robe
 g - a +0 buckler (worn)
 k - a +0 chain mail (worn)
Scrolls
 c - 2 scrolls of fear
 e - 3 scrolls of identify {unknown}
 i - a scroll of poison {unknown}
Potions
 d - a potion of attraction


   Skills:
 * Level 3.5 Fighting
 - Level 1.0 Throwing
 - Level 1.7 Armour
 - Level 1.0 Dodging
 - Level 1.0 Stealth
 - Level 1.0 Shields
 - Level 2.6 Unarmed Combat
 - Level 1.0 Spellcasting
 - Level 1.1 Necromancy
 - Level 1.0 Evocations


You had 5 spell levels left.
You didn't know any spells.
Your spell library contained the following spells:

 Spells                   Type           Power      Damage    Failure   Level
 Cigotuvi's Dreadful Rot  Necr/Pois/Air  2%         N/A       100%        2
 Sublimation of Blood     Necr           3%         N/A       100%        2


Dungeon Overview and Level Annotations

Branches:
Dungeon (2/15)

Altars:
Ashenzari

Annotations:
D:2 Robin


Innate Abilities, Weirdness & Mutations

You may rarely emit foul miasma when damaged in melee.
You are partially covered in sharp spines.


Message History

You closely miss the goblin.
The goblin is severely wounded.
The goblin is struck by your spines.
You kill the goblin!
Robin says, "A pitiful Demonspawn like you will never find the ORB!"
Robin zaps a wand.
The puff of flame hits you.
Items here: ))))) †††.
A hobgoblin comes into view.
The hobgoblin shouts!
Robin roars a battlecry!
The hobgoblin goes into a battle-frenzy!
Robin is struck by your spines. Robin hits you with a +0 whip.
You hit Robin.
Robin is moderately wounded.
Robin zaps a wand.
The puff of flame hits you.
You hit Robin.
Robin is heavily wounded.
Robin zaps a wand.
The puff of flame hits you.
* * * LOW HITPOINT WARNING * * *
You hit the hobgoblin.
The hobgoblin is severely wounded.
Robin is struck by your spines. Robin hits you but does no damage.
The hobgoblin is struck by your spines. The hobgoblin hits you.
* * * LOW HITPOINT WARNING * * *
You emit a cloud of foul miasma!
Okay, then.
You hit Robin but do no damage.
Robin is severely wounded.
Robin hits you with a +0 whip.
* * * LOW HITPOINT WARNING * * *
The hobgoblin is engulfed in dark miasma.
The hobgoblin is poisoned.
The hobgoblin seems to slow down.
You kill the hobgoblin!
Training target 1.0 for Evocations reached!
Your Evocations skill increases to level 1!
You hit Robin.
Robin is almost dead.
Robin is struck by your spines. Robin hits you with a +0 whip.
You die...
Robin calls out, "Let's celebrate!
Time for a feast!"

#.....≈8...... .
#......≈.....# ..#
##............
...####.....†..>....
........†...).).##.##
.........?......#
≈..........≈≈..###
≈.........§≈g....#.
...........@.......#
......≈(...........#
.....≈8≈)(.#.......#
...###.####.......#
........# ##......#
.....#### #........ .
.... ##.......# ..
.## .........# ... .#
.......##.. .


You could see Robin.

Vanquished Creatures
  Jessica (D:2)
  2 adders (D:2)
  3 endoplasms
  A giant cockroach (D:1)
  8 goblins (D:2)
  7 hobgoblins
  4 jackals (D:1)
  A quokka (D:1)
  2 ball pythons (D:1)
  3 bats (D:1)
  3 frilled lizards
  4 kobolds
  2 rats
41 creatures vanquished.

Notes
Turn   | Place    | Note
-------+----------+-------------------------------------------
     0 | D:1      | IdlyInterested the Demonspawn Wanderer began the quest for
                  | the Orb.
     0 | D:1      | IdlyInterested set off with the following items: a +0
                  | dagger, 11 poisoned darts, 2 scrolls of fear, a potion of
                  | attraction, a +0 robe; and the following spells available
                  | to memorise: Sublimation of Blood, Cigotuvi's Dreadful Rot.
     0 | D:1      | Reached XP level 1. HP: 15/15 MP: 2/2
   261 | D:1      | Gained mutation: You are partially covered in sharp spines.
                  | [demonic ancestry]
   261 | D:1      | Reached XP level 2. HP: 19/22 MP: 3/3
   278 | D:1      | Reached skill level 2 in Fighting
   328 | D:1      | Reached skill level 1 in Stealth
   485 | D:1      | You fall into a shaft and drop 1 floor!
   485 | D:2      | Found a broken altar of Ashenzari.
   486 | D:2      | Noticed Jessica
   496 | D:2      | Killed Jessica
   497 | D:2      | Reached skill level 1 in Shields
   497 | D:2      | Gained mutation: You may rarely emit foul miasma when
                  | damaged in melee. [demonic ancestry]
   497 | D:2      | Reached XP level 3. HP: 15/28 MP: 4/4
   578 | D:1      | Found a faded altar of an unknown god.
   824 | D:1      | Reached skill level 3 in Fighting
  1064 | D:2      | Reached XP level 4. HP: 29/35 MP: 5/5
  1088 | D:2      | Noticed Robin
  1118 | D:2      | Reached skill level 1 in Evocations
  1118 | D:2      | Slain by Robin

Illustrated notes

Levels and vault maps discovered:
D:1:      saegor_arrival_under_anarchy, layout_loops_ring,
          hellmonk_ecumenical_altar_crossroads
D:2:      layout_rooms, serial_shops, shop, basic_altar,
          kennysheep_decorative_pillar, columned_hall_lemuel, uniq_jessica,
          uniq_robin

Skill      XL: |  1  2  3  4 |
---------------+-------------+-----
Fighting       | 2 3 |  3.5
Stealth        | 1 |  1.0
Shields        | 1 |  1.0
Evocations     | 1 |  1.0
Throwing       | |  1.0
Armour         | |  1.7
Dodging        | |  1.0
Unarmed Combat | |  2.6
Spellcasting   | |  1.0
Necromancy     | |  1.1

Action                     |  1- 3 |  4- 6 || total
---------------------------+-------+-------++-------
  Melee: Unarmed           |    72 |    26 ||    98
  Throw: Dart              |       |     2 ||     2
   Stab: Sleeping          |     3 |       ||     3
 Armour: Robe              |    26 |       ||    26
         Chain mail        |    13 |    19 ||    32
  Dodge: Dodged            |    29 |     2 ||    31
  Block: Buckler           |     7 |     1 ||     8

Table legend: (Time is in decaauts)
 A = Elapsed time spent in this place.
 B = Non-inter-level travel time spent in this place.
 C = Inter-level travel time spent in this place.
 D = Time resting spent in this place.
 E = Time spent auto-exploring this place.
 F = Levels seen in this place.
 G = Mean time per level.
                   A        B        C        D        E       F      G
               +--------+--------+--------+--------+--------+-----+--------+
         Total |   1118 |   1029 |     89 |     76 |    583 |   2 |  559.0 |
       Dungeon |   1118 |   1029 |     89 |     76 |    583 |   2 |  559.0 |
               +--------+--------+--------+--------+--------+-----+--------+

Top non-repeatable levels by time:
     D:1: 986 daAuts
     D:2: 131 daAuts
